[Event "GER-ch Youth U12 2020"]
[Site "Willingen"]
[Date "2020.10.29"]
[Round "4.17"]
[White "Isbilir, Levin"]
[Black "Eichhorn, Valentin"]
[Result "1/2-1/2"]
[ECO "B24"]
[WhiteElo "1233"]
[BlackElo "1545"]
[Annotator "NA RC"]
[PlyCount "74"]
[EventDate "2020.10.27"]
[EventType "swiss"]
[EventRounds "7"]
[EventCountry "GER"]
[SourceTitle "playchess.com"]
[Source "ChessBase"]
[SourceQuality "1"]
[TimeControl "40/5400+30:1800+30"]

1. e4 c5 2. Nc3 Nc6 3. g3 d6 4. d3 g6 5. Be3 Bg7 6. Qd2 e6 7. Bg2 Nge7 8. Bh6 O-O 9. h4 Bxh6 10. Qxh6 Kh8 11. h5 Ng8 12. Qd2 g5 13. Nge2 h6 14. O-O-O e5 15. f4 f6 16. Rdf1 Be6 17. fxg5 fxg5 18. Rxf8 Qxf8 19. Rf1 Qg7 20. Rf2 Nf6 21. Qe1 a6 22. Qf1 Rf8 23. Nd5 Bxd5 24. exd5 Ne7 25. c4 Nd7 26. Rxf8+ Qxf8 27. Qxf8+ Nxf8 28. Bh3 Nh7 29. Be6 Nf6 30. g4 Kg7 31. Ng3 b6 32. Ne4 Nxe4 33. dxe4 Ng8 34. Bxg8 Kxg8 35. Kc2 Kf7 36. Kc3 Ke7 37. a4 a5 1/2-1/2

[Event "GER-ch Youth U12 2020"]
[Site "Willingen"]
[Date "2020.10.29"]
[Round "4.18"]
[White "Huber, Benedikt"]
[Black "Vecera, Fabio"]
[Result "0-1"]
[ECO "B02"]
[WhiteElo "1725"]
[BlackElo "1534"]
[Annotator "NA RC"]
[PlyCount "70"]
[EventDate "2020.10.27"]
[EventType "swiss"]
[EventRounds "7"]
[EventCountry "GER"]
[SourceTitle "playchess.com"]
[Source "ChessBase"]
[SourceQuality "1"]
[TimeControl "40/5400+30:1800+30"]

1. e4 Nf6 2. Nc3 d5 3. exd5 Nxd5 4. Bc4 Nb6 5. Bb3 g6 6. Nf3 Bg7 7. d3 O-O 8. O-O Nc6 9. Re1 Bg4 10. h3 Bxf3 11. Qxf3 a5 12. a3 Nd4 13. Qd1 Nxb3 14. cxb3 Qd7 15. Qc2 Rfd8 16. Rd1 Qc6 17. Bg5 Rd7 18. Rac1 h6 19. Bh4 Rad8 20. Bg3 Nc8 21. Rd2 Nd6 22. Qd1 Qa6 23. Qc2 Nf5 24. Rcd1 Nd4 25. Qb1 Nxb3 26. Re2 Nc5 27. Red2 c6 28. Bh4 g5 29. Bg3 b5 30. Ne2 b4 31. d4 Nb3 32. Rd3 Nxd4 33. Nxd4 Rxd4 34. Rxd4 Rxd4 35. Re1 e6 0-1

[Event "GER-ch Youth U12 2020"]
[Site "Willingen"]
[Date "2020.10.29"]
[Round "4.19"]
[White "Brandstrup, Luca Alexander"]
[Black "Torosyan, Bagrat"]
[Result "0-1"]
[ECO "B90"]
[WhiteElo "1575"]
[BlackElo "1634"]
[Annotator "NA RC"]
[PlyCount "50"]
[EventDate "2020.10.27"]
[EventType "swiss"]
[EventRounds "7"]
[EventCountry "GER"]
[SourceTitle "playchess.com"]
[Source "ChessBase"]
[SourceQuality "1"]
[TimeControl "40/5400+30:1800+30"]

1. e4 c5 2. Nf3 d6 3. d4 cxd4 4. Nxd4 Nf6 5. Nc3 a6 6. Be3 e5 7. Nb3 Be6 8. f3 Be7 9. Qd2 Nbd7 10. O-O-O b5 11. g4 Nb6 12. g5 Nfd7 13. Nd5 Nxd5 14. exd5 Bf5 15. Na5 Qc7 16. Nc6 Nb8 17. Nxe5 dxe5 18. d6 Bxd6 19. c3 Be7 20. Qd5 Nc6 21. f4 Rd8 22. Qf3 Rxd1+ 23. Kxd1 O-O 24. fxe5 Qd7+ 25. Kc1 Bg4 0-1

[Event "GER-ch Youth U12 2020"]
[Site "Willingen"]
[Date "2020.10.29"]
[Round "4.21"]
[White "Weyerer, Noah"]
[Black "Guo, Jacob Tingshen"]
[Result "1/2-1/2"]
[ECO "A80"]
[WhiteElo "1536"]
[BlackElo "1551"]
[Annotator "NA RC"]
[PlyCount "51"]
[EventDate "2020.10.27"]
[EventType "swiss"]
[EventRounds "7"]
[EventCountry "GER"]
[SourceTitle "playchess.com"]
[Source "ChessBase"]
[SourceQuality "1"]
[TimeControl "40/5400+30:1800+30"]

1. d4 f5 2. Nc3 Nf6 3. Bg5 h6 4. Bxf6 exf6 5. e3 d5 6. Qh5+ Ke7 7. Bd3 Qd7 8. Nge2 c6 9. Ng3 Qe8 10. Qf3 g6 11. h4 h5 12. Nce2 Bh6 13. O-O-O Kf7 14. Nf4 Kg7 15. c4 Bxf4 16. Qxf4 Qf7 17. b3 Be6 18. cxd5 cxd5 19. Kb2 a5 20. Bb5 Bd7 21. Bxd7 Qxd7 22. Rc1 Nc6 23. a3 Rhc8 24. Rc3 b5 25. Rc5 b4 26. a4 1/2-1/2

[Event "GER-ch Youth U12 2020"]
[Site "Willingen"]
[Date "2020.10.29"]
[Round "4.22"]
[White "Schwarz, David"]
[Black "Gärtner, Alessandro"]
[Result "1/2-1/2"]
[ECO "B10"]
[WhiteElo "1200"]
[BlackElo "1251"]
[Annotator "NA RC"]
[PlyCount "86"]
[EventDate "2020.10.27"]
[EventType "swiss"]
[EventRounds "7"]
[EventCountry "GER"]
[SourceTitle "playchess.com"]
[Source "ChessBase"]
[SourceQuality "1"]
[TimeControl "40/5400+30:1800+30"]

1. e4 c6 2. Nc3 d5 3. Nf3 dxe4 4. Nxe4 Nf6 5. Qe2 Nxe4 6. Qxe4 Qa5 7. Bc4 Bf5 8. Qf4 e6 9. Nd4 Be7 10. O-O O-O 11. Re1 Bf6 12. Nxf5 Qxf5 13. Qxf5 exf5 14. c3 Nd7 15. d4 Rfe8 16. Bd2 Nb6 17. Bd3 g6 18. f4 Kf8 19. Kf2 Rxe1 20. Rxe1 Re8 21. Kf3 Rxe1 22. Bxe1 Bd8 23. b3 Ke8 24. c4 Be7 25. c5 Nd5 26. Bc4 Kd7 27. Bxd5 cxd5 28. b4 Kc6 29. a4 a6 30. Kg3 Bd8 31. Kf3 Kd7 32. b5 Ke6 33. h3 axb5 34. axb5 h6 35. g4 fxg4+ 36. hxg4 f5 37. b6 Kd7 38. gxf5 gxf5 39. Kg3 Bf6 40. Bf2 Kc6 41. Kh3 Kb5 42. Kg2 Kc6 43. Kh3 Kd7 1/2-1/2

[Event "GER-ch Youth U12 2020"]
[Site "Willingen"]
[Date "2020.10.29"]
[Round "4.23"]
[White "Ivanov, Alexander"]
[Black "Aravindan, Midhulan"]
[Result "0-1"]
[ECO "D70"]
[WhiteElo "1261"]
[BlackElo "1565"]
[Annotator "NA RC"]
[PlyCount "98"]
[EventDate "2020.10.27"]
[EventType "swiss"]
[EventRounds "7"]
[EventCountry "GER"]
[SourceTitle "playchess.com"]
[Source "ChessBase"]
[SourceQuality "1"]
[TimeControl "40/5400+30:1800+30"]

1. d4 Nf6 2. c4 g6 3. Nf3 Bg7 4. g3 O-O 5. Bg2 e6 6. Nc3 d5 7. b3 c5 8. e3 Nc6 9. O-O a6 10. a4 Rb8 11. Ba3 Re8 12. Bxc5 b6 13. Ba3 Bb7 14. Qd2 Na5 15. Qc2 dxc4 16. bxc4 Nxc4 17. Rfb1 Qc7 18. Nd2 Bxg2 19. Kxg2 Rec8 20. Rc1 Bf8 21. Bxf8 Kxf8 22. Ra2 Rb7 23. Kg1 Qc6 24. Nxc4 Qxc4 25. Nd1 Rbc7 26. Qxc4 Rxc4 27. Rxc4 Rxc4 28. Kf1 Ke7 29. Rb2 Nd5 30. Ra2 Rc1 31. Rd2 Ra1 32. Ke2 Rxa4 33. Nb2 Ra2 34. Nc4 Rxd2+ 35. Kxd2 b5 36. Na5 Kd7 37. e4 Ne7 38. Kc3 f5 39. f3 g5 40. h3 h5 41. g4 hxg4 42. hxg4 f4 43. Kb4 Nc6+ 44. Nxc6 Kxc6 45. Ka5 Kb7 46. Kb4 Kb6 47. d5 exd5 48. exd5 Kc7 49. Ka5 Kd6 0-1

[Event "GER-ch Youth U12 2020"]
[Site "Willingen"]
[Date "2020.10.29"]
[Round "4.24"]
[White "Leubner, Paul Damdin"]
[Black "Schröder, Jan-Hendrik"]
[Result "1-0"]
[ECO "B38"]
[WhiteElo "1409"]
[BlackElo "1324"]
[Annotator "NA RC"]
[PlyCount "93"]
[EventDate "2020.10.27"]
[EventType "swiss"]
[EventRounds "7"]
[EventCountry "GER"]
[SourceTitle "playchess.com"]
[Source "ChessBase"]
[SourceQuality "1"]
[TimeControl "40/5400+30:1800+30"]

1. e4 c5 2. Nf3 Nc6 3. d4 cxd4 4. Nxd4 g6 5. c4 Bg7 6. Be3 d6 7. Nc3 Nf6 8. Be2 O-O 9. f3 Nxd4 10. Bxd4 Be6 11. Qd2 Rc8 12. g4 Bxc4 13. Bxc4 Rxc4 14. h4 Nd7 15. Bxg7 Kxg7 16. h5 Ne5 17. Ke2 Qb6 18. hxg6 fxg6 19. Nd5 Qd8 20. Raf1 Rh8 21. b3 Rc5 22. g5 e6 23. Nf6 Qc7 24. Rc1 Rxc1 25. Rxc1 Qb6 26. f4 Nf7 27. Qd3 Qa6 28. Qxa6 bxa6 29. Ng4 e5 30. f5 Nxg5 31. Rc7+ Kg8 32. Rc8+ Kf7 33. Rxh8 h5 34. fxg6+ Kxg6 35. Nf2 Ne6 36. Ra8 Kg5 37. Kf3 Nd4+ 38. Kg2 Ne2 39. Rxa7 Kf4 40. Rxa6 Nc3 41. b4 Nxe4 42. Nxe4 Kxe4 43. Rxd6 Kf4 44. b5 e4 45. b6 e3 46. b7 e2 47. Re6 1-0

[Event "GER-ch Youth U12 2020"]
[Site "Willingen"]
[Date "2020.10.29"]
[Round "4.25"]
[White "Dorendorf, Mika"]
[Black "Göpfert, Gregor"]
[Result "1/2-1/2"]
[ECO "A25"]
[WhiteElo "1462"]
[BlackElo "1603"]
[Annotator "NA RC"]
[PlyCount "93"]
[EventDate "2020.10.27"]
[EventType "swiss"]
[EventRounds "7"]
[EventCountry "GER"]
[SourceTitle "playchess.com"]
[Source "ChessBase"]
[SourceQuality "1"]
[TimeControl "40/5400+30:1800+30"]

1. c4 e5 2. Nc3 Nc6 3. g3 g6 4. Bg2 Bg7 5. Rb1 a5 6. b3 Nge7 7. Bb2 O-O 8. Nf3 d6 9. O-O Be6 10. Ne1 Qd7 11. Nc2 Bh3 12. Ne3 Bxg2 13. Kxg2 Nd4 14. Ned5 Ne6 15. Rh1 f5 16. Nxe7+ Qxe7 17. Nd5 Qd7 18. f3 Rf7 19. Qg1 h6 20. Kf2 Re8 21. g4 Kh7 22. gxf5 gxf5 23. Qg3 Bh8 24. Rbg1 Bg7 25. Qg6+ Kh8 26. e3 Nf8 27. Qh5 c6 28. Nc3 Qe6 29. Ba3 Rfe7 30. Ne2 b5 31. Ng3 b4 32. Bb2 Rf7 33. Ke2 Kh7 34. e4 fxe4 35. Nxe4 Kg8 36. Rg3 d5 37. Nc5 Qd6 38. Rxg7+ Rxg7 39. Qxe8 Qxc5 40. Qxe5 Qe7 41. Qxe7 Rxe7+ 42. Kf2 dxc4 43. Rg1+ Kh7 44. bxc4 Nd7 45. d4 Nb6 46. c5 Nd5 47. Rg4 1/2-1/2

[Event "GER-ch Youth U12 2020"]
[Site "Willingen"]
[Date "2020.10.29"]
[Round "4.26"]
[White "Schneble, Milan"]
[Black "Detjen, Mattes"]
[Result "1-0"]
[ECO "D00"]
[WhiteElo "1418"]
[BlackElo "1190"]
[Annotator "NA RC"]
[PlyCount "105"]
[EventDate "2020.10.27"]
[EventType "swiss"]
[EventRounds "7"]
[EventCountry "GER"]
[SourceTitle "playchess.com"]
[Source "ChessBase"]
[SourceQuality "1"]
[TimeControl "40/5400+30:1800+30"]

1. d4 d5 2. e3 Nf6 3. c4 e6 4. Nf3 Be7 5. Nc3 O-O 6. Bd3 b6 7. Qc2 Bb7 8. cxd5 exd5 9. O-O c5 10. dxc5 bxc5 11. Rd1 d4 12. exd4 Bxf3 13. gxf3 cxd4 14. Ne4 Nbd7 15. Kh1 Rc8 16. Qe2 Nh5 17. Rg1 Ndf6 18. Nxf6+ Bxf6 19. Qe4 g6 20. Qg4 Bg7 21. Bd2 Qd6 22. a3 Qd5 23. Rge1 Nf6 24. Qf4 Nh5 25. Qe4 Qd7 26. Rac1 Rce8 27. Qh4 Rxe1+ 28. Rxe1 Qb7 29. Qe4 Qxb2 30. Bb4 Qxf2 31. Bxf8 Bxf8 32. Rf1 Qe3 33. Re1 Qxe4 34. Rxe4 Bc5 35. a4 f5 36. Re8+ Kf7 37. Rc8 Bb6 38. Rc4 a5 39. Rc6 Bd8 40. Rd6 Bf6 41. Ra6 Bd8 42. Ra7+ Kg8 43. Ra8 Kg7 44. Rxd8 Kh6 45. Rxd4 Kg5 46. Rc4 h6 47. h4+ Kf6 48. Rc6+ Kf7 49. Kg1 Nf4 50. Bc4+ Kg7 51. Ra6 g5 52. hxg5 hxg5 53. Rxa5 1-0

[Event "GER-ch Youth U12 2020"]
[Site "Willingen"]
[Date "2020.10.29"]
[Round "4.27"]
[White "Müller, Mitja"]
[Black "Ehrlich, Patrick"]
[Result "1/2-1/2"]
[ECO "B07"]
[WhiteElo "1360"]
[BlackElo "1448"]
[Annotator "NA RC"]
[PlyCount "63"]
[EventDate "2020.10.27"]
[EventType "swiss"]
[EventRounds "7"]
[EventCountry "GER"]
[SourceTitle "playchess.com"]
[Source "ChessBase"]
[SourceQuality "1"]
[TimeControl "40/5400+30:1800+30"]

1. d4 d6 2. e4 Nf6 3. Nc3 g6 4. Be3 c6 5. Qd2 b5 6. f3 Nbd7 7. h4 Nb6 8. O-O-O a5 9. g4 b4 10. Nb1 Ba6 11. Bxa6 Rxa6 12. Qd3 Qc8 13. c3 bxc3 14. Nxc3 Ra7 15. Rh2 Rd7 16. d5 Qc7 17. dxc6 Qxc6 18. Bxb6 Qxb6 19. Qd4 Qc7 20. Kb1 d5 21. e5 Ng8 22. Nxd5 Qc6 23. Rc2 Qa8 24. Nc7+ Rxc7 25. Rxc7 f6 26. e6 Bh6 27. Qd7+ Kf8 28. Rc8+ Qxc8 29. Qxc8+ Kg7 30. Qe8 Be3 31. Qf7+ Kh6 32. Qf8# 1/2-1/2

[Event "GER-ch Youth U12 2020"]
[Site "Willingen"]
[Date "2020.10.29"]
[Round "4.28"]
[White "Bondarcuks, Timurs"]
[Black "Stadelmann, Constantin"]
[Result "0-1"]
[ECO "B01"]
[WhiteElo "1198"]
[BlackElo "1366"]
[Annotator "NA RC"]
[PlyCount "94"]
[EventDate "2020.10.27"]
[EventType "swiss"]
[EventRounds "7"]
[EventCountry "GER"]
[SourceTitle "playchess.com"]
[Source "ChessBase"]
[SourceQuality "1"]
[TimeControl "40/5400+30:1800+30"]

1. e4 d5 2. exd5 Qxd5 3. Nc3 Qa5 4. d4 Nf6 5. Nf3 c6 6. Bc4 Bf5 7. Bd2 e6 8. Nd5 Qd8 9. Nxf6+ Qxf6 10. Bb3 Nd7 11. Qe2 O-O-O 12. O-O-O Bd6 13. Kb1 Rhe8 14. Bc3 Qg6 15. Rhg1 Nb6 16. h3 Nd5 17. g4 Be4 18. Nh4 Qg5 19. Qxe4 Qxh4 20. Bxd5 exd5 21. Qf5+ Kb8 22. Qxf7 Re7 23. Qf3 Rde8 24. Rge1 Re4 25. Rxe4 dxe4 26. Qg2 Qg5 27. Re1 Qf4 28. f3 e3 29. Bd2 Kc7 30. Qe2 exd2 31. Qxe8 dxe1=Q+ 32. Qxe1 Qxf3 33. Qa5+ Kd7 34. Qf5+ Qxf5 35. gxf5 Ke7 36. c4 Kf6 37. Kc2 Kxf5 38. Kd3 g5 39. c5 Bc7 40. Kc4 Ke4 41. b4 h5 42. a4 a6 43. Kc3 g4 44. hxg4 hxg4 45. Kd2 Kxd4 46. Ke2 Kc4 47. Kf2 Kxb4 0-1

[Event "GER-ch Youth U12 2020"]
[Site "Willingen"]
[Date "2020.10.30"]
[Round "5.2"]
[White "Nitsche, Nikolai"]
[Black "Udelnov, Valentin"]
[Result "1-0"]
[ECO "A45"]
[WhiteElo "1721"]
[BlackElo "1691"]
[Annotator "NA RC"]
[PlyCount "77"]
[EventDate "2020.10.27"]
[EventType "swiss"]
[EventRounds "7"]
[EventCountry "GER"]
[SourceTitle "playchess.com"]
[Source "ChessBase"]
[SourceQuality "1"]
[TimeControl "40/5400+30:1800+30"]

1. d4 Nf6 2. Bf4 g6 3. e3 Bg7 4. h3 d6 5. Nf3 O-O 6. Be2 Nfd7 7. Bh2 e5 8. O-O Nc6 9. c4 f5 10. Nc3 h6 11. Rb1 g5 12. b4 g4 13. hxg4 fxg4 14. Ne1 h5 15. Nc2 Ne7 16. c5 Ng6 17. Bd3 Nh4 18. c6 bxc6 19. Be4 Bb7 20. b5 Nf6 21. Bxc6 Bxc6 22. bxc6 e4 23. d5 Qe7 24. Nd4 Nh7 25. Rb7 Bxd4 26. Qxd4 Ng5 27. Kh1 Rf7 28. Nb5 Qf8 29. Bf4 Nf5 30. Qc4 Qd8 31. Nxc7 Rxc7 32. Rxc7 Qxc7 33. Bxg5 Qg7 34. c7 Qxg5 35. c8=Q+ Rxc8 36. Qxc8+ Kf7 37. Qe6+ Kg7 38. Rb1 Ne7 39. Rb7 1-0

[Event "GER-ch Youth U12 2020"]
[Site "Willingen"]
[Date "2020.10.30"]
[Round "5.4"]
[White "Korek, Jakob Alexander"]
[Black "Haubold, Sebastian Marcel"]
[Result "1/2-1/2"]
[ECO "A49"]
[WhiteElo "1592"]
[BlackElo "1769"]
[Annotator "NA RC"]
[PlyCount "94"]
[EventDate "2020.10.27"]
[EventType "swiss"]
[EventRounds "7"]
[EventCountry "GER"]
[SourceTitle "playchess.com"]
[Source "ChessBase"]
[SourceQuality "1"]
[TimeControl "40/5400+30:1800+30"]

1. d4 Nf6 2. Nf3 g6 3. g3 Bg7 4. Bg2 O-O 5. O-O d6 6. c4 Nbd7 7. Nc3 c5 8. dxc5 Nxc5 9. Nd4 Qb6 10. Nc2 Bd7 11. e4 Rac8 12. Qe2 Na4 13. Nxa4 Bxa4 14. b3 Bc6 15. Be3 Qc7 16. Bd4 e5 17. Bb2 b5 18. Nb4 bxc4 19. Qxc4 Bxe4 20. Qxc7 Rxc7 21. Rfd1 Bxg2 22. Kxg2 Rb7 23. Nc6 Rd7 24. Ba3 Ne8 25. Rd5 f6 26. Rad1 Rff7 27. Bxd6 Nxd6 28. Rxd6 Rxd6 29. Rxd6 Bf8 30. Rd8 Rc7 31. Nb4 Kf7 32. Nd3 Ba3 33. Rd5 Ke6 34. Ra5 Bd6 35. Ra4 Kd5 36. Nb4+ Bxb4 37. Rxb4 e4 38. Ra4 f5 39. Kf1 Rc1+ 40. Ke2 Rc2+ 41. Ke1 e3 42. fxe3 Rxh2 43. Kf1 a6 44. Rd4+ Ke5 45. Ra4 Rc2 46. Kg1 Re2 47. Kf1 Rc2 1/2-1/2

[Event "GER-ch Youth U12 2020"]
[Site "Willingen"]
[Date "2020.10.30"]
[Round "5.5"]
[White "Kieselbach, Jannik"]
[Black "Hoppstädter, Daniel"]
[Result "0-1"]
[ECO "B09"]
[WhiteElo "1453"]
[BlackElo "1712"]
[Annotator "NA RC"]
[PlyCount "58"]
[EventDate "2020.10.27"]
[EventType "swiss"]
[EventRounds "7"]
[EventCountry "GER"]
[SourceTitle "playchess.com"]
[Source "ChessBase"]
[SourceQuality "1"]
[TimeControl "40/5400+30:1800+30"]

1. d4 Nf6 2. Nc3 g6 3. e4 d6 4. f4 Bg7 5. Nf3 O-O 6. Bd3 Bg4 7. h3 Bxf3 8. Qxf3 e5 9. d5 exf4 10. Bxf4 Nh5 11. Bd2 Qh4+ 12. Qf2 Qg3 13. Be2 Bd4 14. Qxg3 Nxg3 15. Rh2 Bg1 16. Rh1 Nxh1 17. O-O-O Ng3 18. Rxg1 Nxe2+ 19. Nxe2 Nd7 20. g4 Nc5 21. Ng3 Rfe8 22. Re1 f6 23. b4 Nd7 24. Rf1 Kg7 25. h4 Ne5 26. g5 fxg5 27. hxg5 Rf8 28. Rd1 Rf2 29. Rg1 Rxd2 0-1

[Event "GER-ch Youth U12 2020"]
[Site "Willingen"]
[Date "2020.10.30"]
[Round "5.6"]
[White "Klaska, Philipp Leon"]
[Black "Honisch, Alexander"]
[Result "1/2-1/2"]
[ECO "C78"]
[WhiteElo "1716"]
[BlackElo "1667"]
[Annotator "NA RC"]
[PlyCount "91"]
[EventDate "2020.10.27"]
[EventType "swiss"]
[EventRounds "7"]
[EventCountry "GER"]
[SourceTitle "playchess.com"]
[Source "ChessBase"]
[SourceQuality "1"]
[TimeControl "40/5400+30:1800+30"]

1. e4 e5 2. Nf3 Nc6 3. Bb5 a6 4. Ba4 Nf6 5. O-O b5 6. Bb3 Bc5 7. Re1 d6 8. c3 Bg4 9. d3 h6 10. Be3 O-O 11. Nbd2 Qd7 12. Nf1 Rfe8 13. h3 Be6 14. Bxe6 fxe6 15. Bxc5 dxc5 16. Qe2 Red8 17. Rad1 Qe7 18. Ne3 a5 19. Nc2 Rab8 20. d4 exd4 21. cxd4 e5 22. d5 Nd4 23. Ncxd4 exd4 24. Rc1 Re8 25. e5 Nxd5 26. Qe4 Rbd8 27. Nh4 d3 28. Ng6 Qf7 29. Rxc5 Re6 30. Rxd5 Rxd5 31. Qxd5 Qxg6 32. Qxb5 d2 33. Rd1 Qc2 34. Qb3 Qxb3 35. axb3 Rxe5 36. Rxd2 Rb5 37. Rd3 c5 38. Kf1 c4 39. bxc4 Rxb2 40. Rc3 a4 41. Ke1 Kf7 42. c5 Ke7 43. c6 Kd8 44. c7+ Kc8 45. Ra3 Rb4 46. Rc3 1/2-1/2

[Event "GER-ch Youth U12 2020"]
[Site "Willingen"]
[Date "2020.10.30"]
[Round "5.7"]
[White "Navarro Jahnke, Leo"]
[Black "Fruth, David"]
[Result "0-1"]
[ECO "B13"]
[WhiteElo "1686"]
[BlackElo "1665"]
[Annotator "NA RC"]
[PlyCount "50"]
[EventDate "2020.10.27"]
[EventType "swiss"]
[EventRounds "7"]
[EventCountry "GER"]
[SourceTitle "playchess.com"]
[Source "ChessBase"]
[SourceQuality "1"]
[TimeControl "40/5400+30:1800+30"]

1. d4 Nf6 2. Bf4 c5 3. e3 cxd4 4. exd4 d5 5. c3 Nc6 6. Bd3 a6 7. Nf3 Bg4 8. Nbd2 e6 9. h3 Bh5 10. O-O Bd6 11. Bxd6 Qxd6 12. Re1 O-O 13. g4 Bg6 14. Bxg6 hxg6 15. Ne5 Nd7 16. f4 Ndxe5 17. fxe5 Qc7 18. Rf1 f6 19. exf6 Qg3+ 20. Kh1 Qxh3+ 21. Kg1 Qg3+ 22. Kh1 Kf7 23. fxg7+ Kxg7 24. Rxf8 Rxf8 25. Qg1 Rh8+ 0-1

[Event "GER-ch Youth U12 2020"]
[Site "Willingen"]
[Date "2020.10.30"]
[Round "5.8"]
[White "Müller, Maximilian"]
[Black "Krüger, Arthur"]
[Result "1-0"]
[ECO "C42"]
[WhiteElo "1691"]
[BlackElo "1704"]
[Annotator "NA RC"]
[PlyCount "97"]
[EventDate "2020.10.27"]
[EventType "swiss"]
[EventRounds "7"]
[EventCountry "GER"]
[SourceTitle "playchess.com"]
[Source "ChessBase"]
[SourceQuality "1"]
[TimeControl "40/5400+30:1800+30"]

1. e4 e5 2. Nf3 Nf6 3. Nxe5 d6 4. Nf3 Nxe4 5. Nc3 Nxc3 6. dxc3 Be7 7. Bd3 Nd7 8. Bf4 Nf6 9. Qd2 O-O 10. O-O-O Be6 11. Kb1 c5 12. Ng5 Bd7 13. h4 d5 14. f3 c4 15. Be2 b5 16. g4 b4 17. cxb4 c3 18. Qxc3 a5 19. bxa5 Rc8 20. Qd2 Ba4 21. Bd3 d4 22. Be5 Nd5 23. Bxd4 Nb4 24. b3 Bb5 25. c4 Qxa5 26. Bc3 Bc6 27. Bxb4 Bxb4 28. Qc2 h6 29. Ne4 Ra8 30. g5 h5 31. Rhf1 Rfb8 32. Ng3 Ba4 33. Bh7+ Kh8 34. Rd3 Ba3 35. Be4 Ra7 36. Rfd1 g6 37. Qc3+ Qxc3 38. Rxc3 Bc5 39. Rcd3 Kg7 40. f4 Re7 41. f5 Ree8 42. Kc2 Bf2 43. Bh1 Bxg3 44. f6+ Kf8 45. Rxg3 Re2+ 46. Rd2 Re1 47. Bg2 Be8 48. Rgd3 Rb6 49. c5 1-0

[Event "GER-ch Youth U12 2020"]
[Site "Willingen"]
[Date "2020.10.30"]
[Round "5.9"]
[White "Sauer, Tim"]
[Black "Toth, Luca"]
[Result "1-0"]
[ECO "A25"]
[WhiteElo "1729"]
[BlackElo "1680"]
[Annotator "NA RC"]
[PlyCount "117"]
[EventDate "2020.10.27"]
[EventType "swiss"]
[EventRounds "7"]
[EventCountry "GER"]
[SourceTitle "playchess.com"]
[Source "ChessBase"]
[SourceQuality "1"]
[TimeControl "40/5400+30:1800+30"]

1. c4 e5 2. Nc3 Nc6 3. g3 Nf6 4. Bg2 g6 5. e4 Bg7 6. Nge2 O-O 7. O-O d6 8. d3 Be6 9. h3 Qd7 10. Kh2 Rfd8 11. f4 exf4 12. Nxf4 Qe7 13. g4 Nd4 14. Be3 Nd7 15. Ncd5 Bxd5 16. Nxd5 Be5+ 17. Kg1 Qh4 18. Bf2 Qh6 19. Nxc7 Qf4 20. Re1 Qh2+ 21. Kf1 Rab8 22. Nd5 Bg7 23. Re3 Qe5 24. Bg3 Qe6 25. g5 h6 26. Bf4 Kh7 27. h4 h5 28. Bh3 Qe8 29. Bxd6 Rbc8 30. Bg3 Rc6 31. Rc1 f6 32. Bf4 Qf7 33. Kg2 Rf8 34. Qf1 Nb6 35. Nb4 fxg5 36. Bxg5 Qxf1+ 37. Rxf1 Rxf1 38. Kxf1 Rc5 39. Nd5 Rc6 40. Kg2 Ne6 41. Bxe6 Rxe6 42. Nxb6 Rxb6 43. b3 Ra6 44. Re2 Be5 45. Kf3 Rd6 46. Rd2 Bc3 47. Rd1 Ra6 48. a4 Rb6 49. Rb1 Rd6 50. Ke2 a5 51. Be3 Kg7 52. Rd1 Bf6 53. Bf2 Kf7 54. d4 Bg7 55. e5 Rd7 56. Rd3 Ke6 57. Rg3 Kf7 58. Ke3 Bh6+ 59. Ke4 1-0

[Event "GER-ch Youth U12 2020"]
[Site "Willingen"]
[Date "2020.10.30"]
[Round "5.10"]
[White "Kiefhaber, Tobias"]
[Black "Sundui, Chinguun"]
[Result "0-1"]
[ECO "A46"]
[WhiteElo "1542"]
[BlackElo "1788"]
[Annotator "NA RC"]
[PlyCount "102"]
[EventDate "2020.10.27"]
[EventType "swiss"]
[EventRounds "7"]
[EventCountry "GER"]
[SourceTitle "playchess.com"]
[Source "ChessBase"]
[SourceQuality "1"]
[TimeControl "40/5400+30:1800+30"]

1. d4 Nf6 2. Nf3 e6 3. Bf4 c5 4. c3 b6 5. e3 Bb7 6. Nbd2 Be7 7. Bd3 d5 8. O-O O-O 9. Rc1 Nbd7 10. h3 a6 11. Ne5 b5 12. Bh2 Ne4 13. Nxd7 Qxd7 14. f3 Nxd2 15. Qxd2 cxd4 16. cxd4 Rac8 17. f4 f5 18. g4 fxg4 19. hxg4 g6 20. Rxc8 Bxc8 21. Qg2 Rf7 22. Qh3 Rg7 23. Kh1 e5 24. f5 e4 25. Bxe4 dxe4 26. f6 Rf7 27. fxe7 Rxf1+ 28. Qxf1 Qxe7 29. Qf4 g5 30. Qb8 Qe6 31. Qc7 Qxg4 32. Qd8+ Kf7 33. Bd6 Qh3+ 34. Kg1 Qxe3+ 35. Kh1 Qc1+ 36. Kh2 Qxb2+ 37. Kg1 Qxd4+ 38. Kh1 Qd1+ 39. Kh2 Qe2+ 40. Kh1 Qf3+ 41. Kg1 Qg4+ 42. Kh1 Qd7 43. Qf8+ Kg6 44. Qg8+ Kh5 45. Qd5 Qh3+ 46. Kg1 Qe3+ 47. Kh1 Qf3+ 48. Kg1 Bh3 49. Qd2 e3 50. Qc2 Qf1+ 51. Kh2 Qf2+ 0-1

[Event "GER-ch Youth U12 2020"]
[Site "Willingen"]
[Date "2020.10.30"]
[Round "5.11"]
[White "Uhlmann, Tim"]
[Black "Schreidl, Michael"]
[Result "1-0"]
[ECO "C44"]
[WhiteElo "1523"]
[BlackElo "1640"]
[Annotator "NA RC"]
[PlyCount "117"]
[EventDate "2020.10.27"]
[EventType "swiss"]
[EventRounds "7"]
[EventCountry "GER"]
[SourceTitle "playchess.com"]
[Source "ChessBase"]
[SourceQuality "1"]
[TimeControl "40/5400+30:1800+30"]

1. e4 e5 2. Nf3 Nc6 3. d4 exd4 4. Bc4 Bc5 5. O-O Nge7 6. Ng5 Ne5 7. Nxf7 Nxf7 8. Bxf7+ Kxf7 9. Qh5+ g6 10. Qxc5 Nc6 11. Qd5+ Kg7 12. f4 Qg8 13. Qg5 h6 14. Qh4 Kh7 15. Rf3 Qd8 16. Qh3 d5 17. f5 g5 18. exd5 Ne5 19. Rf2 Rg8 20. Qg3 Qxd5 21. h4 gxh4 22. Qf4 Rg4 23. Qxh6+ Kg8 24. Qh5 Qf7 25. Qxf7+ Kxf7 26. Bf4 Kf6 27. Nd2 Kxf5 28. Bh2+ Ke6 29. Re1 Kd7 30. Rxe5 b6 31. Rf7+ Kc6 32. Ree7 Kb5 33. Rxc7 Ka6 34. a4 Be6 35. Rg7 h3 36. Rxg4 Bxg4 37. b4 Be2 38. Nb3 hxg2 39. b5+ Bxb5 40. axb5+ Kxb5 41. Nxd4+ Kb4 42. Bd6+ Ka5 43. Nc6+ Ka6 44. Kxg2 b5 45. Nb4+ Ka5 46. Rc6 a6 47. c3 Rg8+ 48. Kf2 Ra8 49. Bc7+ Ka4 50. Rxa6+ Rxa6 51. Nxa6 Kb3 52. Be5 Kc4 53. Nb4 Kc5 54. Bd4+ Kc4 55. Ke3 Kb3 56. Ke4 Ka3 57. Kd5 Kb3 58. Kc5 Ka4 59. Kb6 1-0